 Dungeon Crawl Stone Soup version 0.19-a0-328-g3707654 (webtiles) character file.

2585 Lathuz the Basher (level 9, 0/51 HPs)
             Began as a Gargoyle Fighter on May 28, 2016.
             Slain by Pikel
             ... wielding a +0 whip of freezing
              (2 damage)
             ... on level 7 of the Dungeon.
             The game lasted 00:16:17 (8377 turns).

Lathuz the Basher (Gargoyle Fighter)                Turns: 8377, Time: 00:16:18

Health: 0/51       AC: 17    Str: 19    XL:     9   Next: 58%
Magic:  9/9        EV:  6    Int: 10    God:
Gold:   257        SH: 12    Dex: 12    Spells: 0 memorised, 8 levels left

rFire  . . .     SeeInvis .     B - +1 morningstar
rCold  . . .     Gourm    .     a - +0 chain mail
rNeg   + . .     Faith    .     c - +1 shield
rPois  ∞         Spirit   .     t - +2 hat
rElec  +         Dismiss  .     A - +0 cloak
rCorr  .         Reflect  .     (no gloves)
SustAt .         Harm     .     (no boots)
MR     .....                    (no amulet)
Stlth  ..........               (no ring)
                                (no ring)

@: not resistant to hostile enchantments, extremely unstealthy
A: negative energy resistance 1, electricity resistance, unbreathing,
petrification resistance, rot immunity, AC +5
a: no special abilities


You were on level 7 of the Dungeon.
You were not hungry.

You visited 1 branch of the dungeon, and saw 7 of its levels.

You collected 257 gold pieces.

Inventory:

Hand Weapons
 B - a +1 morningstar (weapon)
Missiles
 g - 147 stones (quivered)
Armour
 a - a +0 chain mail (worn)
 c - a +1 shield (worn)
 t - a +2 hat (worn)
 A - a +0 cloak (worn)
Jewellery
 z - an uncursed ring of ice
Wands
 m - a wand of acid (10/15)
Scrolls
 e - 2 scrolls of noise
 h - a scroll of enchant weapon
 k - 3 scrolls of teleportation
 l - 3 scrolls of identify
 p - a scroll of remove curse
Potions
 b - a potion of flight {unknown}
 d - 3 potions of might
 i - a potion of ambrosia {unknown}
 j - 2 potions of heal wounds {unknown}
 n - a potion of magic {unknown}
 o - 4 potions of curing
 q - 2 potions of brilliance {unknown}
 s - a potion of mutation {unknown}
 x - 2 potions of lignification {unknown}
Comestibles
 f - 2 bread rations
 r - 4 chunks of flesh
 w - a royal jelly


   Skills:
 - Level 3.2 Fighting
 * Level 10.6 Maces & Flails
 - Level 3.2 Armour
 + Level 8.6 Shields


You had 8 spell levels left.
You didn't know any spells.

Dungeon Overview and Level Annotations

Branches:
Dungeon (7/15)
 Temple: D:4-7

Altars:
Dithmenos
Fedhas
Hepliaklqana
Makhleb
Pakellas
Ru
Sif Muna
Ukayaw
Vehumet
Xom
Yredelemnul
The Shining One

Shops:
D:6 (

Annotations:
D:7 Pikel


Innate Abilities, Weirdness & Mutations

You are resistant to torment.
Your stone body is resilient (AC +5).
You are immune to poison.
You resist negative energy. (rN+)
You are resistant to electric shocks. (rElec)
You can survive without breathing.
You are immune to petrification.
You are immune to rotting.


Message History

* * * LOW HITPOINT WARNING * * *
Pikel freezes you.
* * * LOW HITPOINT WARNING * * *
You hit Pikel.
Pikel is heavily wounded.
The slave barely misses you. The slave hits you but does no damage.
You block the slave's attack. Pikel hits you but does no damage.
You closely miss Pikel.
Pikel is heavily wounded.
The slave hits you.
* * * LOW HITPOINT WARNING * * *
You block the slave's attack. The slave hits you but does no damage.
Pikel hits you but does no damage.
You barely miss Pikel.
Pikel is heavily wounded.
The slave hits you but does no damage. You block the slave's attack. x2
Pikel hits you with a whip of freezing.
* * * LOW HITPOINT WARNING * * *
Pikel freezes you.
You die...

## ... #.#############
#........#....#
.#........#....#
........pp#....##
#......K@......######
#......p.#..........###
#.##.#####....####....###
# ###### ###....# #.##.#
#..#.) ##.... ####. #..


You could see Pikel and 3 slaves.

Vanquished Creatures
  A hungry ghost (D:6)
  Edmund (D:4)
  Duvessa (D:4)
  An orc warrior (D:6)
  A slave (D:7)
  A sky beast (D:6)
  2 ice beasts (D:5)
  A phantom (D:5)
  3 ogres
  The ghost of mistymad the Conjurer, an amateur DrCj (D:4)
  3 centaurs
  A giant frog (D:6)
  Dowan (D:4)
  3 scorpions
  A water moccasin skeleton (D:6)
  A giant frog zombie (D:6)
  6 orc wizards
  A centaur skeleton (D:5)
  An orc priest (D:6)
  A giant frog skeleton (D:6)
  Jessica (D:3)
  Crazy Yiuf (D:4)
  2 iguanas
  7 worker ants
  A hound zombie (D:5)
  A howler monkey zombie (D:6)
  10 gnolls
  9 adders
  A shadow imp (D:4)
  An ooze (D:2)
  A worm (D:3)
  4 dart slugs
  6 giant geckos
  19 orcs
  A giant cockroach (D:2)
  13 goblins
  9 hobgoblins
  13 jackals
  2 quokkas
  2 ball pythons
  10 bats
  5 giant newts
  A jackal zombie (D:5)
  3 kobolds
  9 rats
  A fungus (D:4)
165 creatures vanquished.

Notes
Turn   | Place    | Note
--------------------------------------------------------------
     0 | D:1      | Lathuz the Gargoyle Fighter began the quest for the Orb.
     0 | D:1      | Reached XP level 1. HP: 14/14 MP: 1/1
   318 | D:1      | Reached XP level 2. HP: 16/19 MP: 2/2
  1342 | D:2      | Reached skill level 3 in Maces & Flails
  1423 | D:2      | Reached XP level 3. HP: 23/23 MP: 3/3
  1811 | D:2      | Reached XP level 4. HP: 28/28 MP: 4/4
  2197 | D:2      | Found a hide-covered altar to Ukayaw.
  2290 | D:2      | Reached skill level 4 in Maces & Flails
  2454 | D:3      | Found an oddly glowing altar of Pakellas.
  2487 | D:3      | Found a shimmering altar of Xom.
  2542 | D:3      | Found a burning altar of Makhleb.
  2799 | D:3      | Noticed Jessica
  2807 | D:3      | Reached XP level 5. HP: 32/32 MP: 5/5
  2841 | D:3      | Killed Jessica
  3159 | D:3      | Found a radiant altar of Vehumet.
  3440 | D:3      | Found a blossoming altar of Fedhas.
  3564 | D:3      | Reached skill level 5 in Maces & Flails
  3564 | D:3      | Reached XP level 6. HP: 35/37 MP: 6/6
  4064 | D:4      | Reached skill level 5 in Shields
  4348 | D:4      | Found a shadowy altar of Dithmenos.
  4367 | D:4      | Found a hazy altar of Hepliaklqana.
  4406 | D:4      | Reached skill level 6 in Maces & Flails
  4409 | D:4      | Reached XP level 7. HP: 41/41 MP: 7/7
  4637 | D:4      | Noticed Edmund
  4677 | D:4      | Killed Edmund
  4711 | D:5      | Entered Level 5 of the Dungeon
  5077 | D:4      | Noticed mistymad's ghost (amateur DrCj)
  5228 | D:4      | Found a deep blue altar of Sif Muna.
  5405 | D:4      | Noticed Duvessa
  5406 | D:4      | Found a sacrificial altar of Ru.
  5406 | D:4      | Noticed Dowan
  5418 | D:4      | Killed Duvessa
  5418 | D:4      | Reached skill level 7 in Maces & Flails
  5451 | D:4      | Killed Dowan
  5497 | D:4      | Killed mistymad's ghost
  5497 | D:4      | Reached XP level 8. HP: 37/46 MP: 8/8
  5662 | D:4      | Noticed Crazy Yiuf
  5677 | D:4      | Killed Crazy Yiuf
  5816 | D:5      | Reached skill level 8 in Maces & Flails
  5879 | D:5      | Found a glowing golden altar of the Shining One.
  6751 | D:5      | Reached skill level 9 in Maces & Flails
  6845 | D:6      | HP: 2/46 [orc warrior/glaive (18)]
  7106 | D:5      | Reached XP level 9. HP: 19/51 MP: 9/9
  7560 | D:6      | Reached skill level 10 in Maces & Flails
  7788 | D:6      | Paralysed by fainting for 12 turns
  8065 | D:6      | Found Cost's Antique Weapon Emporium.
  8128 | D:6      | Found a basalt altar of Yredelemnul.
  8348 | D:7      | Noticed Pikel
  8377 | D:7      | HP: 2/51 [Pikel/whip of freezing (4)]
  8377 | D:7      | Slain by Pikel

Vault maps used:
D:1:      evilmike_arrival_rings
D:2:      marbit_many_paths, minmay_three_crescents
D:3:      lemuel_round_altar, nicolae_overflow_crystal_walls,
          lemuel_coloured_pillars_altar, lemuel_doored_altar,
          grunt_pakellas_basics, uniq_jessica
D:4:      lemuel_round_altar, nicolae_overflow_hidden_temple,
          kennysheep_little_box, first_bread, grunt_dithmenos_shadows,
          uniq_crazy_yiuf_cottage, uniq_duvessa, uniq_edmund
D:5:      kennysheep_mini_moat
D:6:      kennysheep_mini, serial_shops, nicolae_shop_waterfront
D:7:      old_standard_altar, grunt_qazlal_clouds,
          lemuel_temple_firewalk_marked, roderic_bipointed_swastika, uniq_pikel

Skill      XL: |  1  2  3  4  5  6  7  8  9 |
---------------+----------------------------+-----
Maces & Flails | 3 4 5 6 7 9 10 | 10.6
Shields        | 4 5 6 7 8 |  8.6
Fighting       | |  3.2
Armour         | |  3.2

Action                   |  1- 3 |  4- 6 |  7- 9 || total
-------------------------+-------+-------+-------++-------
Melee: Flail             |   148 |   278 |   179 ||   605
       Morningstar       |       |       |   347 ||   347
Throw: Stone             |       |     3 |     1 ||     4
  Use: Scroll            |       |       |    10 ||    10
  Eat: Chunk             |     3 |     9 |    14 ||    26
       Meat ration       |       |       |     2 ||     2
       Bread ration      |       |       |     2 ||     2
       Beef jerky        |       |       |     2 ||     2
Armor: Scale mail        |    69 |   142 |    98 ||   309
       Chain mail        |       |       |   202 ||   202
Dodge: Dodged            |    55 |    92 |   110 ||   257
Block: Shield            |    75 |   149 |   317 ||   541
